 Dungeon Crawl Stone Soup version 0.19.5 (webtiles) character file.

1839 EvilAshe the Merchant of Misery (level 9, 0/57 HPs)
             Began as a Human Necromancer on Apr 23, 2017.
             Was a Believer of Kikubaaqudgha.
             Slain by a leopard gecko (3 damage)
             ... on level 6 of the Dungeon.
             The game lasted 00:27:14 (9452 turns).

EvilAshe the Merchant of Misery (Human Necromancer) Turns: 9452, Time: 00:27:14

Health: 0/57       AC:  5    Str:  9    XL:     9   Next: 33%
Magic:  17/17      EV: 15    Int: 19    God:    Kikubaaqudgha [**....]
Gold:   262        SH:  0    Dex: 13    Spells: 4 memorised, 7 levels left

rFire  . . .     SeeInvis .     l - +0 hand axe (elec)
rCold  . . .     Gourm    .     a - +0 robe
rNeg   . . .     Faith    .     (no shield)
rPois  .         Spirit   .     u - +0 helmet
rElec  .         Reflect  .     (no cloak)
rCorr  .         Harm     .     (no gloves)
MR     .....                    C - +1 pair of boots
Stlth  ++........               (no amulet)
                                (no ring)
                                (no ring)

@: drained
A: no striking features
a: Receive Corpses, Renounce Religion


You were on level 6 of the Dungeon.
You worshipped Kikubaaqudgha.
Kikubaaqudgha was pleased with you.
You were not hungry.

You visited 2 branches of the dungeon, and saw 7 of its levels.

You collected 262 gold pieces.

Inventory:

Hand Weapons
 k - a +0 halberd of protection
 l - a +0 hand axe of electrocution (weapon)
Armour
 a - a +0 robe (worn)
 u - a +0 helmet (worn)
 C - a +1 pair of boots (worn)
Jewellery
 p - an uncursed ring of protection from fire {unknown}
Wands
 n - a wand of disintegration (0/24)
 s - a wand of acid (6/15)
Scrolls
 d - a scroll of fog {unknown}
 e - 2 scrolls of magic mapping
 f - a scroll of immolation {unknown}
 h - a scroll of amnesia {unknown}
 j - 4 scrolls of remove curse
 m - a scroll of enchant weapon {unknown}
 q - a scroll of teleportation {unknown}
 A - a scroll of recharging {unknown}
 B - a scroll of fear {unknown}
Potions
 g - 2 potions of might
 i - 3 potions of agility
 o - a potion of lignification
 r - a potion of flight {unknown}
 t - 2 potions of heal wounds
 v - 2 potions of curing
 w - a potion of cancellation {unknown}
 z - a potion of cure mutation {unknown}
 E - a potion of brilliance {unknown}
Books
 b - a book of Necromancy

   Spells                             Type                      Level
   a - Pain                           Necromancy                   1
   b - Animate Skeleton               Necromancy                   1
   c - Vampiric Draining              Necromancy                   3
   d - Regeneration                   Charms/Necromancy            3
   e - Animate Dead                   Necromancy                   4
   f - Control Undead                 Necromancy                   4
 y - Kikubaaqudgha's Papyrus of Necromancy
   (Kikubaaqudgha gifted it to you on level 5 of the Dungeon)

   Spells                             Type                      Level
   a - Pain                           Necromancy                   1
   b - Corpse Rot                     Necromancy                   2
   c - Sublimation of Blood           Necromancy                   2
   d - Regeneration                   Charms/Necromancy            3
   e - Control Undead                 Necromancy                   4
 D - a book of Cantrips

   Spells                             Type                      Level
   a - Confusing Touch                Hexes                        1
   b - Animate Skeleton               Necromancy                   1
   c - Summon Small Mammal            Summoning                    1
   d - Apportation                    Translocation                1
Comestibles
 c - 2 bread rations
 x - 3 meat rations


   Skills:
 + Level 5.8(5.7) Dodging
 - Level 2.0(1.9) Stealth
 + Level 5.6(5.5) Spellcasting
 * Level 9.2(9.1) Necromancy


You had 7 spell levels left.
You knew the following spells:

 Your Spells              Type           Power        Failure   Level  Hunger
a - Pain                  Necr           ####         1%          1    None
c - Control Undead        Necr           #####.....   2%          4    ####...
e - Regeneration          Chrm/Necr      ###.......   8%          3    ##.....
n - Animate Dead          Necr           N/A          2%          4    ####...


Dungeon Overview and Level Annotations

Branches:
Dungeon (6/15)             Temple (1/1) D:5

Altars:
Ashenzari
Cheibriados
Dithmenos
Fedhas
Gozag
Hepliaklqana
Kikubaaqudgha
Makhleb
Nemelex Xobeh
Qazlal
Ru
Sif Muna
Uskayaw
Xom
Yredelemnul
The Shining One

Shops:
D:5 [

Annotations:
D:3 Alannah's ghost, amateur GrBe
D:4 Pikel
D:5 Menkaure


Message History

The centaur wields a shortbow.
The centaur shoots an arrow.
The arrow hits you!
You see here an arrow.
The centaur shoots an arrow.
The arrow hits you.
You see here an arrow.
The leopard gecko barely misses you.
You see here an arrow.
You hit the leopard gecko.
The leopard gecko is almost dead.
The centaur shoots an arrow.
The arrow hits you!
* * * LOW HITPOINT WARNING * * *
The leopard gecko barely misses you.
The centaur shoots an arrow.
The arrow hits you.
* * * LOW HITPOINT WARNING * * *
The leopard gecko bites you.
* * * LOW HITPOINT WARNING * * *
A bullfrog skeleton comes into view.
The centaur shoots an arrow.
The arrow hits you but does no damage. The leopard gecko bites you.
You die...
Kikubaaqudgha rasps: "You have failed me!
Welcome... death!"

.....#.)z...####
###... ###z
#.####....##
#... #. ##.#..##
##.#. #.
#.##..###..cZ#
## #..........#
####$####..#
#.z#... # ##l#.#
#@((# #####


You could see a centaur, a wight, a leopard gecko and a bullfrog skeleton
(wandering).

Vanquished Creatures
  Duvessa (D:4)
  4 ogres
  5 big kobolds
  A centaur (D:6)
  A bullfrog (D:6)
  Dowan (D:4)
  2 scorpions (D:5)
  A centaur zombie (D:5)
  A bullfrog zombie (D:5)
  A hound (D:5)
  2 orc priests (D:4)
  2 bullfrog skeletons (D:4)
  2 orc wizards
  An iguana (D:4)
  Terence (D:3)
  3 worker ants
  A hound skeleton (D:4)
  6 gnolls
  10 adders
  An ooze (D:1)
  5 worms
  A dart slug (D:1)
  5 leopard geckos
  14 orcs
  12 bats
  4 giant cockroaches
  8 goblins
  8 hobgoblins
  11 jackals
  3 quokkas
  A ball python (D:1)
  8 frilled lizards
  51 kobolds
  7 rats
185 creatures vanquished.

Vanquished Creatures (collateral kills)
  A bullfrog (D:6)
  A wight (D:6)
  2 kobolds (D:5)
  A leopard gecko zombie (D:5)
5 creatures vanquished.

Grand Total: 190 creatures vanquished

Notes
Turn   | Place    | Note
-------+----------+-------------------------------------------
     0 | D:1      | EvilAshe the Human Necromancer began the quest for the Orb.
     0 | D:1      | Reached XP level 1. HP: 13/13 MP: 3/3
    16 | D:1      | Found a snail-covered altar of Cheibriados.
   355 | D:1      | Reached XP level 2. HP: 13/19 MP: 0/5
   895 | D:1      | Reached XP level 3. HP: 18/24 MP: 3/6
  1076 | D:1      | Learned a level 3 spell: Regeneration
  1558 | D:1      | Reached XP level 4. HP: 30/30 MP: 7/7
  1564 | D:1      | Learned a level 4 spell: Animate Dead
  1856 | D:2      | Found a hazy altar of Hepliaklqana.
  2388 | D:2      | Found a sacrificial altar of Ru.
  2402 | D:1      | Reached skill level 5 in Necromancy
  2597 | D:2      | Reached XP level 5. HP: 35/35 MP: 7/9
  3908 | D:3      | Reached XP level 6. HP: 37/41 MP: 4/10
  4106 | D:3      | Noticed Terence
  4214 | D:3      | Killed Terence
  4324 | D:3      | Noticed Alannah's ghost (amateur GrBe)
  4597 | D:4      | Reached skill level 6 in Necromancy
  4747 | D:4      | Noticed Pikel
  4747 | D:4      | Noticed a slave
  5098 | D:4      | Found a burning altar of Makhleb.
  5177 | D:4      | Reached XP level 7. HP: 29/46 MP: 12/12
  5510 | D:5      | Entered Level 5 of the Dungeon
  5510 | D:5      | Found Ytsiat's Antique Armour Shop.
  5686 | D:5      | Found a staircase to the Ecumenical Temple.
  5720 | Temple   | Entered the Ecumenical Temple
  5950 | D:5      | Noticed Menkaure
  6085 | D:5      | Found an ancient bone altar of Kikubaaqudgha.
  6088 | D:5      | Became a worshipper of Kikubaaqudgha
  6260 | D:5      | Reached skill level 7 in Necromancy
  6530 | D:5      | Found a hide-covered altar of Uskayaw.
  6657 | D:5      | Reached XP level 8. HP: 19/52 MP: 11/14
  6699 | D:5      | Reached * piety under Kikubaaqudgha
  6699 | D:5      | Identified Kikubaaqudgha's Papyrus of Necromancy (Kikubaaqudgha gifted it to you on level 5 of the Dungeon)
  6699 | D:5      | Received a gift from Kikubaaqudgha
  7561 | D:4      | Reached skill level 8 in Necromancy
  7849 | D:4      | Reached skill level 5 in Dodging
  7856 | D:4      | Reached ** piety under Kikubaaqudgha
  8088 | D:4      | Noticed Duvessa
  8088 | D:4      | Noticed Dowan
  8094 | D:4      | Killed Duvessa
  8094 | D:4      | Reached skill level 5 in Spellcasting
  8100 | D:4      | Killed Dowan
  8407 | D:5      | Reached XP level 9. HP: 55/57 MP: 11/16
  9063 | D:6      | Learned a level 4 spell: Control Undead
  9186 | D:6      | Reached skill level 9 in Necromancy
  9452 | D:6      | Slain by a leopard gecko

Skill      XL: |  1  2  3  4  5  6  7  8  9 |
---------------+----------------------------+-----
Necromancy     | 5 6 7 8 9 |  9.2
Spellcasting   | 3 4 5 |  5.6
Dodging        | 3 4 5 |  5.8
Stealth        | |  2.0

Action                   |  1- 3 |  4- 6 |  7- 9 || total
-------------------------+-------+-------+-------++-------
Melee: Short sword       |     6 |       |       ||     6
       Hand axe          |    34 |    93 |   103 ||   230
 Cast: Pain              |    47 |   116 |   162 ||   325
       Animate Dead      |       |       |    18 ||    18
       Regeneration      |       |       |     2 ||     2
Evoke: Wand              |       |     1 |     5 ||     6
  Use: Scroll            |       |     5 |     4 ||     9
       Potion            |       |       |     1 ||     1
 Stab: Sleeping          |     2 |     1 |     1 ||     4
  Eat: Chunk             |     3 |    11 |    11 ||    25
       Fruit             |       |       |     5 ||     5
       Beef jerky        |       |       |     1 ||     1
Armor: Robe              |    16 |    26 |    22 ||    64
Dodge: Dodged            |    49 |    98 |   105 ||   252
